 Dungeon Crawl Stone Soup version 0.31-a0-664-g902f515a81 (webtiles) character file.

Game seed: 17871742522789134673

7452 jlumianski the Cleaver (level 10, -15/77 HPs)
             Began as a Demonspawn Fighter on Sept 2, 2023.
             Was an Elder of Okawaru.
             Killed from afar by an efreet (21 damage)
             ... with a fireball
             ... on level 10 of the Dungeon on Sept 3, 2023.
             The game lasted 00:40:06 (11044 turns).

jlumianski the Cleaver (Demonspawn Fighter)        Turns: 11044, Time: 00:40:10

Health: -15/77     AC: 24    Str: 21    XL:     10   Next: 94%
Magic:  15/16      EV: 11    Int: 15    God:    Okawaru [****..]
Gold:   591        SH: 20    Dex: 19    Spells: 9/9 levels left

rFire   . . .        a - +0 war axe
rCold   . . .        s - +2 tower shield {reflect}
rNeg    . . .        v - +0 chain mail
rPois   +            K - +0 helmet
rElec   .            i - +2 cloak {rPois}
rCorr   .            B - +2 pair of gloves
SInv    .            g - +2 pair of boots
Will    .....        (no amulet)
Stlth   +            t - +6 ring of intelligence
HPRegen 0.32/turn    f - +6 ring of dexterity
MPRegen 0.15/turn

%: reflection
@: heroic
A: foul stench 1, condensation shield, demonic touch 2
a: Renounce Religion, Heroism, Finesse


You were on level 10 of the Dungeon.
You worshipped Okawaru.
Okawaru was greatly pleased with you.
You visited 2 branches of the dungeon, and saw 11 of its levels.
You also visited: Sewer.

You collected 639 gold pieces.
You spent 48 gold pieces at shops.

Inventory:

Hand Weapons
 a - a +0 war axe (weapon)
 A - a +2 dagger of draining
 M - a +4 scimitar of flaming
 R - a +0 trident of flaming
Missiles
 n - 13 poisoned darts (quivered)
 y - 4 boomerangs
 S - 4 javelins
Armour
 b - a +0 scale mail
 c - a +0 buckler
 g - a +2 pair of boots (worn)
 i - a +2 cloak of poison resistance (worn)
 s - a +2 tower shield of reflection (worn)
 v - a +0 chain mail (worn)
 B - a +2 pair of gloves (worn)
 K - a +0 helmet (worn)
Jewellery
 f - a +6 ring of dexterity (right hand)
 t - a +6 ring of intelligence (left hand)
 u - a ring of poison resistance
 I - a ring of ice
Wands
 d - a wand of polymorph (20)
 G - a wand of flame (30)
 O - a wand of mindburst (4)
 P - a wand of acid (7)
Scrolls
 e - 4 scrolls of teleportation
 j - a scroll of revelation
 l - 5 scrolls of blinking
 m - a scroll of amnesia
 r - a scroll of torment {unknown}
 D - 2 scrolls of immolation {unknown}
 F - a scroll of fog {unknown}
 H - 2 scrolls of poison
 J - a scroll of summoning {unknown}
 N - a scroll of noise {unknown}
 Q - a scroll of vulnerability {unknown}
Potions
 h - a potion of magic
 k - 2 potions of degeneration
 o - a potion of invisibility
 p - a potion of attraction
 q - 4 potions of brilliance
 w - a potion of resistance
 x - a potion of enlightenment
 z - 3 potions of berserk rage
 C - 4 potions of curing
 E - 3 potions of might
 L - a potion of lignification


   Skills:
 + Level 6.8(11.8) Fighting
 + Level 10.0(15.0) Axes
 + Level 0.9(5.9) Throwing
 + Level 6.1(11.1) Armour
 + Level 3.7(8.7) Dodging
 + Level 5.7(10.7) Shields
 * Level 8.0 Invocations
 * Level 2.4 Evocations


You had 9 spell levels left.
You didn't know any spells.
Your spell library contained the following spells:

 Spells                   Type           Power      Damage    Failure   Level
 Cigotuvi's Dreadful Rot  Necr/Pois/Air  0%         N/A       100%        2
 Gell's Gravitas          Tloc           0%         N/A       100%        3
 Ignite Poison            Fire/Tmut/Pois 0%         N/A       100%        3
 Inner Flame              Hex/Fire       0%         N/A       100%        3
 Teleport Other           Tloc           0%         N/A       100%        3
 Flame Wave               Conj/Fire      0%         2d4       100%        4
 Sticky Flame             Conj/Fire      0%         2d3       100%        4
 Freezing Cloud           Conj/Ice/Air   0%         6-21      100%        5
 Dispersal                Tloc           0%         N/A       100%        6


Dungeon Overview and Level Annotations

Branches:
Dungeon (10/15)            Temple (1/1) D:6           Sewer (visited)
   Lair: D:8-11         Orc: D:9-12

Altars:
Ashenzari
Cheibriados
Dithmenos
Fedhas
Gozag
Hepliaklqana
Kikubaaqudgha
Makhleb
Nemelex Xobeh
Okawaru
Qazlal
Ru
Sif Muna
Trog
Uskayaw
Vehumet
Wu Jian
Xom
Yredelemnul

Shops:
D:5 **

Annotations:
D:4 1 runed translucent door, Crazy Yiuf


Innate Abilities, Weirdness & Mutations

You may rarely emit foul miasma when damaged in melee.
A meltable shield of frost defends you. (SH +0)
Your touch may inflict irresistible damage on your foes.


Message History

You hit the efreet.
The efreet is lightly wounded.
The efreet gestures at you. The bolt of fire hits you!
* * * LOW HITPOINT WARNING * * *
You slash the efreet!
The efreet is moderately wounded.
You block the efreet's attack.
You slash the efreet!
The efreet is severely wounded.
You block the efreet's attack.
You hit the efreet but do no damage.
The efreet is severely wounded.
The efreet gestures at you. The bolt of fire hits you!
* * * LOW HITPOINT WARNING * * *
You barely miss the efreet.
The efreet is severely wounded.
The efreet gestures at you. The bolt of fire misses you.
You barely miss the efreet.
The efreet is heavily wounded.
You block the efreet's attack.
You barely miss the efreet.
The efreet is heavily wounded.
The efreet hits you but does no damage.
You slash the efreet!
The efreet is almost dead.
The efreet hits you with a +0 scimitar of flaming.
* * * LOW HITPOINT WARNING * * *
The efreet burns you.
* * * LOW HITPOINT WARNING * * *
A yak comes into view.
The yak bellows!
You hit the efreet but do no damage.
The efreet is almost dead.
You hear a bellow!
The efreet gestures at you.
The fireball explodes!
The fireball engulfs you!!
You die...

.............#.....
.........>[............Y
........................
#################.......
....... ....... ########
##+###....... #......#
#............ #......#
#....@R...... #......#
#..##........
#......#####..##........
##'#####...#..##........
#.........#..##........
#......[..#..##........
########'##..##........
..>.........##........
+.......##....# ..


You could see a yak and an efreet.

Vanquished Creatures
  Erica (D:10)
  The ghost of randomguy2701 the Cleaver, a novice HOFi of Beogh (D:7)
  Maurice (D:9)
  Joseph (D:8)
  2 trolls
  A vampire (D:9)
  3 shadows
  A wraith (D:9)
  4 vampire mosquitoes (D:10)
  2 steam dragons
  4 water moccasins
  An orc warrior (D:9)
  2 black bears
  3 sky beasts
  3 ice beasts
  3 ogres
  3 centaurs
  3 bullfrogs
  2 scorpions
  5 killer bees (D:8)
  4 howler monkeys
  2 crimson imps (D:9)
  3 quasits (D:7)
  7 jellies
  3 orc priests
  A gnoll bouda (D:7)
  Jessica (D:3)
  3 iguanas
  Natasha (thrice) (D:3)
  9 orc wizards
  2 sleepcaps
  7 gnolls
  15 adders
  2 white imps
  A worm (D:3)
  5 dart slugs
  27 orcs
  8 ball pythons
  9 endoplasms
  13 giant cockroaches
  5 goblins
  5 hobgoblins
  4 jackals (D:1)
  8 quokkas
  7 bats
  10 frilled lizards
  10 kobolds
  9 rats
229 creatures vanquished.

Notes
Turn   | Place    | Note
-------+----------+-------------------------------------------
     0 | D:1      | jlumianski the Demonspawn Fighter began the quest for the
                  | Orb.
     0 | D:1      | Reached XP level 1. HP: 18/18 MP: 1/1
   333 | D:1      | Gained mutation: Your touch may inflict minor irresistible
                  | damage on your foes. [demonic ancestry]
   333 | D:1      | Reached XP level 2. HP: 18/24 MP: 2/2
   475 | D:1      | Reached skill level 2 in Axes
   563 | D:2      | Reached skill level 1 in Dodging
   563 | D:2      | Gained mutation: You may rarely emit foul miasma when
                  | damaged in melee. [demonic ancestry]
   563 | D:2      | Reached XP level 3. HP: 29/29 MP: 3/3
   618 | D:3      | Noticed Jessica
   628 | D:3      | Found a glowing drain.
   632 | D:3      | Noticed Natasha
   646 | D:3      | Killed Natasha
   647 | D:3      | Reached XP level 4. HP: 20/35 MP: 4/4
   651 | D:3      | Killed Jessica
   677 | D:3      | Reached skill level 3 in Axes
   694 | Sewer    | Entered a sewer
   710 | Sewer    | Reached XP level 5. HP: 41/41 MP: 5/5
   933 | Sewer    | HP: 2/42 [bullfrog (3)]
   936 | Sewer    | Reached skill level 4 in Axes
   936 | Sewer    | Reached XP level 6. HP: 4/48 MP: 6/6
  1460 | D:3      | Noticed Natasha
  1471 | D:3      | Killed Natasha
  2326 | D:3      | Noticed Natasha
  2332 | D:3      | Killed Natasha
  2983 | D:4      | Reached XP level 7. HP: 42/55 MP: 7/7
  3213 | D:4      | Found a runed translucent door.
  3214 | D:4      | Noticed Crazy Yiuf
  3364 | D:5      | Entered Level 5 of the Dungeon
  3420 | D:5      | Reached skill level 5 in Axes
  3510 | D:4      | Found an ornate altar of the Wu Jian Council.
  4366 | D:5      | Reached XP level 8. HP: 43/61 MP: 8/8
  4540 | D:5      | Reached skill level 6 in Axes
  4547 | D:5      | Found Plog's Specific Store.
  4548 | D:5      | Found Buer's General Store.
  4601 | D:5      | Bought a scroll of identify for 24 gold pieces
  4601 | D:5      | Bought a scroll of identify for 24 gold pieces
  5276 | D:6      | Reached skill level 5 in Fighting
  5387 | D:6      | Found a staircase to the Ecumenical Temple.
  5397 | Temple   | Entered the Ecumenical Temple
  5442 | Temple   | Became a worshipper of Warmaster Okawaru
  5498 | D:6      | Reached skill level 7 in Axes
  5591 | D:6      | Noticed Edmund
  5592 | D:6      | Edmund changed into Edmund the ogre
  5592 | D:6      | Noticed Edmund
  5592 | D:6      | Noticed Sigmund
  5594 | D:6      | Sigmund changed into Sigmund the iguana
  5594 | D:6      | Noticed Sigmund
  5605 | D:6      | Killed Sigmund the iguana
  5610 | D:6      | Killed Edmund the ogre
  5611 | D:6      | Reached skill level 1 in Invocations
  5745 | D:7      | Reached * piety under Okawaru
  5791 | D:8      | Gained mutation: Your touch may inflict irresistible damage
                  | on your foes. [demonic ancestry]
  5791 | D:8      | Reached XP level 9. HP: 37/68 MP: 9/11
  6161 | D:6      | Found a sacrificial altar of Ru.
  6285 | D:6      | Found a broken altar of Ashenzari.
  6616 | D:7      | Reached skill level 8 in Axes
  6616 | D:7      | Reached skill level 5 in Armour
  6856 | D:7      | Found a transporter.
  6869 | D:7      | Noticed randomguy2701's ghost (novice HOFi)
  7065 | D:7      | Found a transporter.
  7138 | D:7      | Found a burning altar of Makhleb.
  7180 | D:7      | Found a shadowy altar of Dithmenos.
  7636 | D:7      | Reached ** piety under Okawaru
  7693 | D:7      | Killed randomguy2701's ghost
  7694 | D:7      | Reached skill level 9 in Axes
  7694 | D:7      | Reached skill level 5 in Invocations
  8035 | D:8      | Noticed Joseph
  8050 | D:8      | Killed Joseph
  8101 | D:8      | Gained mutation: A meltable shield of frost defends you.
                  | (SH +0) [demonic ancestry]
  8101 | D:8      | Reached XP level 10. HP: 61/76 MP: 14/14
  8936 | D:10     | Entered Level 10 of the Dungeon
  8936 | D:10     | Noticed Erica
  8952 | D:10     | Killed Erica
  8952 | D:10     | Reached *** piety under Okawaru
  9408 | D:9      | Reached skill level 5 in Shields
  9592 | D:9      | Found a shimmering altar of Xom.
  9597 | D:9      | Noticed Maurice
  9639 | D:9      | Killed Maurice
  9640 | D:9      | Reached skill level 1 in Evocations
 10597 | D:10     | Reached skill level 10 in Axes
 10601 | D:10     | Reached **** piety under Okawaru
 11044 | D:10     | Killed from afar by an efreet

Illustrated notes

Levels and vault maps discovered:
D:1:      shiori_arrival_maze, layout_basic, minivault_11,
          dreamdust_mushroom_princess
D:2:      layout_loops_ring, nicolae_grassy_gnolls
D:3:      layout_rooms, gup_sewer_entry_glass, uniq_jessica, uniq_natasha
D:4:      layout_basic, nicolae_elyvilon_temple_path,
          mainiacjoe_overflow_tiny_flanked, hangedman_decor_lopped,
          minmay_misc_feat_diagonals, uniq_crazy_yiuf_cottage
D:5:      layout_loops_corners, nicolae_specific_store
D:6:      layout_gridville, nicolae_ru_great_annihilating_truth,
          kennysheep_mini_moat, minmay_temple_entry_sparse_star,
          sigmund_edmund_badplayer
D:7:      layout_gridville, kennysheep_mini, nicolae_dithmenos_the_darkroom,
          gammafunk_ghost_stat_death, bh_walls_and_bars
D:8:      layout_loops_ring, zin_scriptorium, uniq_joseph
D:9:      layout_basic, led_xom_imps, uniq_maurice
D:10:     layout_stronghold, minmay_hedge_maze, grunt_decor_fettered, uniq_erica
Temple:   nicolae_temple_bog_church

Skill      XL: |  1  2  3  4  5  6  7  8  9 10 |
---------------+-------------------------------+-----
Shields        | 3 4 5 |  5.7
Axes           | 2 3 4 5 7 9 10 | 10.0
Dodging        | 1 2 3 |  3.7
Armour         | 3 4 5 6 |  6.1
Fighting       | 4 5 6 |  6.8
Invocations    | 2 5 8 |  8.0
Evocations     | 2 |  2.4
Throwing       | |  0.9

Action                     |  1- 3 |  4- 6 |  7- 9 | 10-12 || total
---------------------------+-------+-------+-------+-------++-------
  Melee: War axe           |    92 |   200 |   399 |   243 ||   934
         Unarmed           |       |     2 |       |       ||     2
  Throw: Dart              |       |     2 |     9 |     4 ||    15
 Invoke: Heroism           |       |       |     1 |     4 ||     5
  Evoke: Wand              |       |     1 |     5 |     1 ||     7
    Use: Scroll            |     1 |     2 |    14 |     2 ||    19
         Potion            |     2 |       |     1 |     3 ||     6
   Stab: Invisible         |       |       |     1 |       ||     1
         Paralysed         |       |       |     1 |       ||     1
 Armour: Scale mail        |    80 |   215 |    30 |       ||   325
         Skin              |       |     1 |       |       ||     1
         Chain mail        |       |       |   362 |   193 ||   555
  Dodge: Dodged            |    53 |   149 |   167 |    76 ||   445
  Block: Buckler           |    24 |    73 |    99 |    93 ||   289
         Tower shield      |       |       |       |    91 ||    91

Table legend: (Time is in decaauts)
 A = Elapsed time spent in this place.
 B = Non-inter-level travel time spent in this place.
 C = Inter-level travel time spent in this place.
 D = Time resting spent in this place.
 E = Time spent auto-exploring this place.
 F = Levels seen in this place.
 G = Mean time per level.
                   A        B        C        D        E       F      G
               +--------+--------+--------+--------+--------+-----+--------+
         Total |  11406 |  11127 |    279 |    921 |   5722 |  12 |  950.5 |
       Dungeon |  10470 |  10191 |    279 |    668 |   5618 |  10 | 1047.0 |
        Temple |     76 |     76 |      0 |      0 |      0 |   1 |   76.0 |
         Sewer |    859 |    859 |      0 |    253 |    104 |   1 |  859.0 |
               +--------+--------+--------+--------+--------+-----+--------+

Top non-repeatable levels by time:
     D:7: 1430 daAuts
     D:8: 1364 daAuts
     D:9: 1268 daAuts
     D:5: 1177 daAuts
     D:6: 1037 daAuts
     D:4: 923 daAuts
     D:1: 914 daAuts
     D:2: 912 daAuts
   Sewer: 859 daAuts
    D:10: 742 daAuts
     D:3: 700 daAuts
  Temple: 76 daAuts
